 Dungeon Crawl Stone Soup version 0.23.2-40-g277498a (webtiles) character file.

Game seed: 7270420222546948221

287 Fang the Skirmisher (level 6, -3/58 HPs)
             Began as a Gargoyle Berserker on Oct 22, 2019.
             Was a Priest of Trog.
             Slain by an ogre
             ... wielding a +0 giant club
              (21 damage)
             ... on level 4 of the Dungeon.
             The game lasted 00:02:39 (3318 turns).

Fang the Skirmisher (Gargoyle Berserker)            Turns: 3318, Time: 00:02:40

Health: -3/58      AC:  6    Str: 27    XL:     6   Next: 30%
Magic:  6/6        EV: 12    Int:  8    God:    Trog [***...]
Gold:   108        SH:  0    Dex:  9    Spells: 5/5 levels left

rFire    . . .     SeeInvis .   a - +0 hand axe
rCold    . . .     Gourm    .   (no shield)
rNeg     + . .     Faith    .   b - +0 animal skin
rPois    ∞         Spirit   .   f - -1 helmet (curse)
rElec    +         Reflect  .   (no cloak)
rCorr    .         Harm     .   (no gloves)
MR       .....                  (no boots)
Stlth    ..........             (no amulet)
HPRegen  0.19/turn              (no ring)
MPRegen  0.10/turn              (no ring)

@: berserking, very quick
A: negative energy resistance 1, electricity resistance, unbreathing,
petrification resistance, rot immunity, AC +4
a: Berserk, Trog's Hand, Renounce Religion


You were on level 4 of the Dungeon.
You worshipped Trog.
Trog was most pleased with you.
You were hungry.

You visited 1 branch of the dungeon, and saw 4 of its levels.

You collected 108 gold pieces.

Inventory:

Hand Weapons
 a - a +0 hand axe (weapon)
Armour
 b - a +0 animal skin (worn)
 f - a cursed -1 helmet (worn)
Jewellery
 v - an uncursed ring of ice {unknown}
Wands
 p - a wand of acid (8)
 r - a wand of paralysis (9)
Scrolls
 e - a scroll of fog {unknown}
 h - a scroll of enchant armour {unknown}
 j - 3 scrolls of identify {unknown}
 k - a scroll of remove curse {unknown}
 l - 2 scrolls of enchant weapon {unknown}
 o - a scroll of amnesia {unknown}
 q - 2 scrolls of fear {unknown}
 u - a scroll of blinking {unknown}
Potions
 d - a potion of curing {unknown}
 g - 2 potions of might {unknown}
 i - 2 potions of haste {unknown}
 m - a potion of mutation {unknown}
 n - a potion of brilliance {unknown}
 s - a potion of degeneration {unknown}
 t - a potion of cancellation {unknown}
Comestibles
 c - 7 rations
 w - 4 chunks of flesh


   Skills:
 + Level 4.6 Fighting
 + Level 3.9 Axes
 + Level 4.0 Armour
 + Level 2.9 Dodging


You had 5 spell levels left.
You didn't know any spells.
Your spell library was empty.

Dungeon Overview and Level Annotations

Branches:
Dungeon (4/15)
 Temple: D:4-7

Altars:


Innate Abilities, Weirdness & Mutations

You are resistant to torment.
Your stone body is resilient. (AC +4)
You are immune to poison.
You resist negative energy. (rN+)
You are resistant to electric shocks. (rElec)
You can survive without breathing.
You are immune to petrification.
You are immune to rotting.


Message History

An ogre comes into view. It is wielding a +0 giant club.
The ogre shouts!
You hear a bark!
An ogre is nearby!
You barely miss the ogre. The ogre hits you with a +0 giant club!
* * * LOW HITPOINT WARNING * * *
A hound comes into view.
The hound barks!
A red film seems to cover your vision as you go berserk!
You feel yourself moving faster!
You feel mighty!
You are feeling hungry.
The ogre barely misses you.
You hit the ogre.
The ogre is lightly wounded.
The ogre closely misses you.
You hit the ogre.
The ogre is moderately wounded.
You barely miss the ogre.
The ogre is moderately wounded.
The ogre hits you with a +0 giant club!!
You die...

♣>.♣♣
♣♣..♣♣♣
♣♣..♣♣♣♣
♣..♣♣
♣♣♣...♣♣♣♣
♣♣.♣
♣♣♣♣...♣♣
♣♣.♣♣
♣♣♣♣.♣♣♣♣.♣♣
♣...♣♣..♣
♣♣♣÷...♣♣
♣♣.♣♣♣ ♣♣@♣
♣hO♣♣ ♣.♣ ♣.
♣


You could see an ogre and a hound.

Vanquished Creatures
  A howler monkey (D:4)
  A hound (D:4)
  An orc wizard (D:4)
  2 worker ants (D:4)
  5 adders
  2 oozes
  An adder skeleton (D:4)
  3 worms
  4 leopard geckos
  5 orcs
  4 bats
  3 giant cockroaches
  5 goblins
  11 hobgoblins
  4 jackals
  2 quokkas
  A ball python (D:1)
  3 frilled lizards
  7 kobolds
  6 rats
71 creatures vanquished.

Notes
Turn   | Place    | Note
-------+----------+-------------------------------------------
     0 | D:1      | Fang the Gargoyle Berserker began the quest for the Orb.
     0 | D:1      | Reached XP level 1. HP: 14/14 MP: 1/1
    75 | D:1      | Reached XP level 2. HP: 10/19 MP: 2/2
   429 | D:1      | Reached XP level 3. HP: 23/23 MP: 3/3
   461 | D:1      | Reached ** piety under Trog
  1059 | D:2      | Reached XP level 4. HP: 29/29 MP: 4/4
  2532 | D:4      | Reached XP level 5. HP: 23/33 MP: 5/5
  3266 | D:4      | Reached XP level 6. HP: 30/39 MP: 6/6
  3289 | D:4      | Reached *** piety under Trog
  3318 | D:4      | Slain by an ogre

Skill      XL: |  1  2  3  4  5  6 |
---------------+-------------------+-----
Axes           | 3 |  3.9
Dodging        | 2 |  2.9
Armour         | 3 4 |  4.0
Fighting       | 4 |  4.6

Action                   |  1- 3 |  4- 6 || total
-------------------------+-------+-------++-------
Melee: Hand axe          |    95 |   169 ||   264
Invok: Berserk           |       |     4 ||     4
  Eat: Chunk             |     1 |     6 ||     7
       Ration            |       |     1 ||     1
Armor: Animal skin       |    27 |    61 ||    88
Dodge: Dodged            |    66 |   135 ||   201
